 Dungeon Crawl Stone Soup version 0.24.0-13-gcf9b3192b9 (webtiles) character file.

Game seed: 4107338271490431586, levelgen mode: deterministic

31 Quickbrownfox the Gusty (level 3, 0/26 HPs)
             Began as a Draconian Air Elementalist on Nov 8, 2019.
             Slain by Terence
             ... wielding a +0 flail
              (8 damage)
             ... on level 2 of the Dungeon.
             The game lasted 00:06:03 (875 turns).

Quickbrownfox the Gusty (Draconian Air Elementalist) Turns: 875, Time: 00:06:03

Health: 0/26       AC:  6    Str: 11    XL:     3   Next: 7%
Magic:  3/6        EV: 12    Int: 15    God:
Gold:   50         SH:  0    Dex: 11    Spells: 6/7 levels left

rFire    . . .     SeeInvis .   f - +0 spear
rCold    . . .     Gourm    .   (no shield)
rNeg     . . .     Faith    .   (armour unavailable)
rPois    .         Spirit   .   (helmet restricted)
rElec    .         Reflect  .   (no cloak)
rCorr    .         Harm     .   (no gloves)
MR       .....                  c - +0 pair of boots
Stlth    ++........             (no amulet)
HPRegen  0.08/turn              (no ring)
MPRegen  0.10/turn              (no ring)

@: very slightly contaminated
A: unfitting armour, cold-blooded, AC +5
a: no special abilities


You were on level 2 of the Dungeon.
You were not hungry.

You visited 1 branch of the dungeon, and saw 2 of its levels.

You collected 50 gold pieces.

Inventory:

Hand Weapons
 e - a +0 club
 f - a +0 spear (weapon)
Armour
 c - a +0 pair of boots (worn)
Potions
 d - a potion of curing {unknown}
Comestibles
 a - a chunk of flesh
 b - 2 rations


   Skills:
 + Level 2.1 Dodging
 + Level 1.8 Stealth
 + Level 0.2 Unarmed Combat
 + Level 2.5 Spellcasting
 + Level 1.0 Conjurations
 + Level 3.5 Air Magic


You had 6 spell levels left.
You knew the following spells:

 Your Spells              Type           Power        Failure   Level  Hunger
a - Shock                 Conj/Air       #...         9%          1    #......

Your spell library contained the following spells:

 Spells                   Type           Power        Failure   Level  Hunger
 Swiftness                Chrm/Air       #.......     16%         2    ###....
 Static Discharge         Conj/Air       #.......     26%         3    ###....
 Airstrike                Air            ##........   45%         4    #####..
 Lightning Bolt           Conj/Air       #.........   93%         5    ######.


Dungeon Overview and Level Annotations

Branches:
Dungeon (2/15)

Altars:

Annotations:
D:2 Terence


Innate Abilities, Weirdness & Mutations

Your plain brown scales are hard. (AC +5)
You cannot fit into any form of body armour.
You are cold-blooded and may be slowed by cold attacks.


Message History

You reach to attack!
You hit Terence.
Terence is lightly wounded.
Terence bares his teeth.
Terence hits you with a +0 flail!
You hit Terence but do no damage.
Terence is lightly wounded.
You hit Terence but do no damage.
You tail-slap Terence, but do no damage.
Terence is lightly wounded.
Terence closely misses you.
You hit Terence but do no damage.
Terence is lightly wounded.
Terence hits you with a +0 flail!
You are too injured to fight recklessly!
You are too injured to fight recklessly!
You barely miss Terence.
You tail-slap Terence, but do no damage.
Terence is lightly wounded.
Terence hits you with a +0 flail!
You die...

#####
...###########
#.#.#>......#
##.####..#..#####.#
........###....##.#
##.####@@#..##.##.#
#......#.#.##.##.#
##########.......#
####.#### #.###
#...# ###.# #.#
.....# #.#


You could see Terence.

Vanquished Creatures
  An ooze (D:1)
  2 dart slugs
  A leopard gecko (D:1)
  2 bats (D:1)
  4 giant cockroaches (D:1)
  2 goblins (D:2)
  3 hobgoblins (D:1)
  A ball python (D:1)
  A frilled lizard (D:1)
  4 rats (D:1)
21 creatures vanquished.

Notes
Turn   | Place    | Note
-------+----------+-------------------------------------------
     0 | D:1      | Quickbrownfox the Draconian Air Elementalist began the
                  | quest for the Orb.
     0 | D:1      | Reached XP level 1. HP: 14/14 MP: 3/3
   129 | D:1      | Reached XP level 2. HP: 15/20 MP: 0/5
   807 | D:2      | Reached XP level 3. HP: 20/26 MP: 6/6
   866 | D:2      | Noticed Terence
   875 | D:2      | Slain by Terence

Levels and vault maps discovered:
D:1:      minmay_arrival_open_corners, layout_basic, minmay_misc_feat_roman,
          hangedman_decor_clover_reticule
D:2:      layout_loops_cross, lemuel_crystal_altar, bh_walls_and_bars,
          uniq_terence

Skill      XL: |  1  2 |
---------------+-------+-----
Dodging        | 2 |  2.1
Stealth        | |  1.8
Unarmed Combat | |  0.2
Spellcasting   | |  2.5
Conjurations   | |  1.0
Air Magic      | |  3.5

Action                   || total
-------------------------++-------
Melee: Unarmed           ||     3
       Spear             ||    42
       Club              ||    17
       Tailslap          ||     4
 Cast: Shock             ||    18
  Use: Scroll            ||     1
 Stab: Sleeping          ||     2
Armor: Skin              ||    16
Dodge: Dodged            ||    41
